 Dungeon Crawl Stone Soup version 0.28.0-53-g5a82cb258f (webtiles) character file.

Game seed: 14367181661632577917

618 selky the Cutter (level 7, -2/61 HPs)
             Began as a Deep Dwarf Fighter on July 1, 2022.
             Killed from afar by a lich (22 damage)
             ... with a bolt of cold
             ... on level 1 of the Abyss.
             The game lasted 00:07:31 (3619 turns).

selky the Cutter (Deep Dwarf Fighter)               Turns: 3619, Time: 00:07:32

Health: -2/61      AC: 11    Str: 22    XL:     7   Next: 21%
Magic:  7/7        EV:  7    Int:  8    God:
Gold:   167        SH:  5    Dex: 12    Spells: 6/6 levels left

rFire   . . .      SeeInvis .   k - +1 dagger (venom)
rCold   . . .      Faith    .   c - +0 buckler
rNeg    . . .      Spirit   .   g - +0 chain mail
rPois   .          Reflect  .   i - +0 helmet
rElec   .          Harm     .   j - +0 cloak
rCorr   .          Rampage  .   (no gloves)
Will    +....                   (no boots)
Stlth   ..........              (no amulet)
HPRegen 0.00/turn               (no ring)
MPRegen 0.10/turn               (no ring)

@: no status effects
A: damage resistance, heal wounds, sense surroundings 1, no regeneration
a: Heal Wounds


You were on level 1 of the Abyss.
You visited 1 branch of the dungeon, and saw 5 of its levels.
You visited the Abyss 1 time.

You collected 167 gold pieces.

Inventory:

Hand Weapons
 a - a +0 war axe
 k - a +1 dagger of venom (weapon)
 s - a +0 dagger of electrocution
Missiles
 p - 5 javelins
Armour
 c - a +0 buckler (worn)
 g - a +0 chain mail (worn)
 i - a +0 helmet (worn)
 j - a +0 cloak (worn)
Jewellery
 h - a +4 ring of evasion
Wands
 x - a wand of charming (5)
Scrolls
 e - 4 scrolls of enchant weapon {unknown}
 f - 2 scrolls of torment {unknown}
 m - a scroll of identify {unknown}
 n - a scroll of amnesia {unknown}
 o - a scroll of immolation {unknown}
 q - a scroll of magic mapping {unknown}
 r - a scroll of teleportation {unknown}
 t - a scroll of blinking {unknown}
 u - a scroll of fear {unknown}
 w - a scroll of noise {unknown}
Potions
 b - a potion of heal wounds {unknown}
 d - 2 potions of might
 l - a potion of brilliance {unknown}
 v - a potion of cancellation {unknown}
 z - 2 potions of attraction {unknown}
 A - a potion of mutation {unknown}


   Skills:
 - Level 2.6 Fighting
 * Level 5.5 Short Blades
 - Level 3.4 Axes
 - Level 3.2 Armour
 + Level 5.3 Shields


You had 6 spell levels left.
You didn't know any spells.
Your spell library contained the following spells:

 Spells                   Type           Power      Damage    Failure   Level
 Foxfire                  Conj/Fire      0%         2x1d4     99%         1
 Shock                    Conj/Air       0%         1d3       99%         1
 Blink                    Tloc           0%         N/A       100%        2
 Conjure Flame            Conj/Fire      0%         6-21      100%        3
 Inner Flame              Hex/Fire       0%         N/A       100%        3
 Portal Projectile        Hex/Tloc       0%         N/A       100%        3
 Swiftness                Air            0%         N/A       100%        3
 Airstrike                Air            0%         N/A       100%        4
 Flame Wave               Conj/Fire      0%         2d4       100%        4
 Petrify                  Tmut/Erth      0%         N/A       100%        4
 Borgnjor's Vile Clutch   Necr/Erth      0%         N/A       100%        5


Dungeon Overview and Level Annotations

Branches:
Dungeon (5/15)
 Temple: D:4-7

Altars:

Shops:
D:1 ?

Annotations:
D:4 2 transporters, exclusion: door, osoart's ghost, amateur TeAE


Innate Abilities, Weirdness & Mutations

You are resistant to damage.
You can heal yourself by infusing magical energy.
You passively map a small area around you.
You do not regenerate.


Message History

The adder bites you but does no damage.
You closely miss the adder.
The adder is heavily wounded.
The adder bites you but does no damage.
You closely miss the adder.
The adder is heavily wounded.
The adder bites you but does no damage.
You hit the adder. Lightning courses through the adder!
You kill the adder!
Your +0 dagger of electrocution stops crackling.
Your +1 dagger of venom begins to drip with poison!
k - a +1 dagger of venom (weapon)
Found a halberd.
You see here a +0 halberd.
There is an open door here.
An orc comes into view. It is wielding a +2 whip of distortion.
The orc shouts!
You hear a shout! x2
An orc priest comes into view. It is wielding a +0 dagger.
An orc comes into view. It is wielding a +0 hand axe.
The orc shouts!
There is an open door here.
Unknown command.
Unknown command.
You close the door.
An orc opens the door.
The orc priest begins to cast a cantrip, but forgets the words!
You start waiting.
An orc is nearby!
You are too injured to fight recklessly!
The orc hits you but does no damage.
You are cast into the Abyss!
This branch contains the abyssal rune of Zot.
A lich comes into view.
The lich shouts!
Unknown command.
Found a gateway leading deeper into the Abyss.
Found a corrupted altar of Lugonu.
The lich casts a spell at you. The bolt of cold hits you!!
You die...

....... # .# #.# .#._ ##
#.# ###..###. # #
##.#.#..#.## # #
#......###.###.#
#...##..# .....# .#
...#.#.#.##.###.#......#
#......@....L#..# #..#.
#..#.#..#.#...#........#
#..#..........#....
#.......#...#.. ##≈.
....#.....##.#.#.# ≈≈
#...#....#......#.#
#..#.....#..... .. #
....###.#...... .#.
..#..####. .


You could see a lich.

Vanquished Creatures
  An ogre (D:4)
  A phantom (D:5)
  A howler monkey (D:4)
  A centaur zombie (D:5)
  A hound (D:4)
  A gnoll shaman (D:4)
  An iguana (D:4)
  Ijyb (D:5)
  Terence (D:2)
  An orc wizard (D:5)
  5 adders
  7 gnolls (D:4)
  2 dart slugs (D:1)
  11 orcs
  7 ball pythons
  6 bats
  6 endoplasms
  4 giant cockroaches
  13 goblins
  6 hobgoblins
  15 jackals
  3 quokkas
  4 frilled lizards
  13 kobolds
  4 rats
116 creatures vanquished.

Vanquished Creatures (others)
  4 fungi
  9 plants
13 creatures vanquished.

Grand Total: 129 creatures vanquished

Notes
Turn   | Place    | Note
-------+----------+-------------------------------------------
     0 | D:1      | selky the Deep Dwarf Fighter began the quest for the Orb.
     0 | D:1      | Reached XP level 1. HP: 20/20 MP: 1/1
    58 | D:1      | Found Uvvuosex's Magic Scroll Boutique.
   118 | D:1      | Reached XP level 2. HP: 22/27 MP: 2/2
   594 | D:1      | Reached XP level 3. HP: 24/33 MP: 3/3
  1095 | D:2      | Got Irphy's Compendium of Clay and Dislocation
  1340 | D:2      | Noticed Terence
  1378 | D:2      | Killed Terence
  1379 | D:2      | Reached skill level 1 in Short Blades
  1379 | D:2      | Reached XP level 4. HP: 12/40 MP: 4/4
  1574 | D:3      | Found a faded altar of an unknown god.
  2249 | D:4      | Found a transporter.
  2251 | D:4      | Found a transporter.
  2295 | D:4      | Noticed osoart's ghost (amateur TeAE)
  2302 | D:4      | Noticed an ogre
  2302 | D:4      | Noticed an ogre
  2331 | D:4      | Reached XP level 5. HP: 46/46 MP: 5/5
  2398 | D:4      | Noticed an ogre
  2403 | D:4      | Killed an ogre
  2553 | D:4      | Reached XP level 6. HP: 28/55 MP: 6/6
  2703 | D:4      | Reached skill level 5 in Shields
  2996 | D:5      | Entered Level 5 of the Dungeon
  3015 | D:5      | Noticed Ijyb
  3026 | D:5      | Killed Ijyb
  3198 | D:5      | Reached skill level 5 in Short Blades
  3240 | D:5      | Reached XP level 7. HP: 23/61 MP: 7/7
  3602 | D:5      | Cast into level 1 of the Abyss (orc)
  3607 | Abyss:1  | Noticed a lich
  3619 | Abyss:1  | Found a corrupted altar of Lugonu.
  3619 | Abyss:1  | Killed from afar by a lich

Illustrated notes

Levels and vault maps discovered:
D:1:      elethiomel_arrival_quiet, layout_loops_ring, serial_shops, shop,
          serial_forest, infiniplex_forest_straight_4,
          infiniplex_forest_clump_tiny, infiniplex_forest_end_double,
          infiniplex_forest_straight_2, infiniplex_forest_3_way,
          infiniplex_forest_lined_1, kennysheep_minor_cross
D:2:      layout_rooms, nicolae_underground_beach, uniq_terence
D:3:      layout_loops_ring, shapermc_ecumenical_altar_mp_urbaneastern
D:4:      lemuel_castle_with_subvaults [lemuel_castle_interior_carwin_1],
          layout_rooms, gammafunk_ghost_smash
D:5:      layout_loops_corners, minmay_temple_entry_drinking_statues,
          uniq_edmund, uniq_ijyb
Abyss:1:  base:
D:1

Skill      XL: |  1  2  3  4  5  6 |
---------------+-------------------+-----
Axes           | 3 |  3.4
Shields        | 4 5 |  5.3
Short Blades   | 1 2 3 5 |  5.5
Fighting       | |  2.6
Armour         | |  3.2

Action                   |  1- 3 |  4- 6 |  7- 9 || total
-------------------------+-------+-------+-------++-------
Melee: War axe           |    73 |       |       ||    73
       Dagger            |    36 |   275 |    18 ||   329
 Abil: Heal Wounds       |       |     2 |       ||     2
  Use: Potion            |       |     1 |       ||     1
Armor: Scale mail        |    24 |       |       ||    24
       Chain mail        |    48 |   154 |    10 ||   212
Dodge: Dodged            |    54 |    84 |     2 ||   140
Block: Buckler           |    27 |    58 |     4 ||    89
